 Dungeon Crawl Stone Soup version 0.27.1-33-g824d729ab1 (webtiles) character file.

Game seed: 16994897967700373038

5292 DenSaoPin the Apostle (level 10, -2/78 HPs)
             Began as a Hill Orc Monk on Nov 24, 2021.
             Was a High Priest of Beogh.
             Slain by a killer bee (12 damage)
             ... on level 9 of the Dungeon on Nov 25, 2021.
             The game lasted 00:27:52 (9388 turns).

DenSaoPin the Apostle (Hill Orc Monk)               Turns: 9388, Time: 00:27:52

Health: -2/78      AC: 17    Str: 18    XL:     10   Next: 63%
Magic:  18/18      EV:  6    Int:  6    God:    Beogh [*****.]
Gold:   548        SH:  5    Dex: 15    Spells: 9/9 levels left

rFire    + . .     SeeInvis .   C - +5 rapier of Muttes {protect, rF+ rN+ Int-4 Dex+2}
rCold    . . .     Faith    +   q - +0 buckler
rNeg     + . .     Spirit   .   U - +0 plate armour
rPois    +         Reflect  .   (no helmet)
rElec    .         Harm     .   i - scarf {+Inv}
rCorr    .         Rampage  .   f - +2 pair of gloves
Will     .....                  h - +0 pair of boots
Stlth    ..........             J - amulet of faith
HPRegen  0.23/turn              c - +4 ring of slaying
MPRegen  0.16/turn              w - ring of poison resistance

@: no status effects
A: walk on water
a: Renounce Religion, Evoke Invisibility, Smiting, Recall Orcish Followers, Give
Item to Named Follower


You were on level 9 of the Dungeon.
You worshipped Beogh.
Beogh was extremely pleased with you.
You visited 1 branch of the dungeon, and saw 10 of its levels.
You also visited: Ossuary.

You collected 548 gold pieces.

Inventory:

Hand Weapons
 a - a +0 hand axe
 m - a +0 bardiche
 A - the +3 dagger of Yesterday {vamp, Str+4}
   (You found it on level 6 of the Dungeon)

   It occasionally heals its wielder for a portion of the damage dealt when it
   wounds a living foe.
   Str:       It affects your strength (+4).
 C - the +5 rapier of Muttes (weapon) {protect, rF+ rN+ Int-4 Dex+2}
   (You found it on level 6 of the Dungeon)

   It grants its wielder temporary protection when it strikes (+7 to AC).
   Int:       It affects your intelligence (-4).
   Dex:       It affects your dexterity (+2).
   rF:        It protects you from fire.
   rN:        It protects you from negative energy.
 D - a +3 halberd
 E - a +3 scimitar
 F - a +4 halberd
 L - a +0 broad axe
 N - a +1 trident of venom
 T - a +0 battleaxe
Armour
 b - a +0 robe
 f - a +2 pair of gloves (worn)
 g - a +0 leather armour
 h - a +0 pair of boots (worn)
 i - a scarf of invisibility (worn)
 n - a +3 leather armour of cold resistance
 q - a +0 buckler (worn)
 G - a +0 chain mail
 H - a +0 hat
 O - a +0 scale mail
 U - a +0 plate armour (worn)
Jewellery
 c - a +4 ring of slaying (left hand)
 u - a ring of wizardry
 w - a ring of poison resistance (right hand)
 J - an amulet of faith (around neck)
 V - a ring of see invisible
Wands
 o - a wand of polymorph (10)
 v - a wand of iceblast (8)
Scrolls
 d - 8 scrolls of teleportation {unknown}
 e - 10 scrolls of identify {unknown}
 k - 2 scrolls of blinking {unknown}
 l - a scroll of torment {unknown}
 r - 2 scrolls of fog {unknown}
 s - 3 scrolls of immolation {unknown}
 t - a scroll of acquirement {unknown}
 y - 2 scrolls of enchant weapon {unknown}
 B - 3 scrolls of silence {unknown}
 Q - 2 scrolls of amnesia {unknown}
 W - a scroll of brand weapon {unknown}
 X - a scroll of holy word {unknown}
Potions
 j - 2 potions of curing
 p - 3 potions of lignification {unknown}
 x - a potion of cancellation {unknown}
 z - 4 potions of brilliance {unknown}
 I - a potion of magic {unknown}
 K - a potion of flight {unknown}
 M - 5 potions of haste {unknown}
 P - 4 potions of heal wounds {unknown}
 R - a potion of resistance {unknown}
 S - 2 potions of might {unknown}


   Skills:
 - Level 3.6 Fighting
 * Level 8.4 Short Blades
 - Level 6.1 Axes
 + Level 7.0 Armour
 - Level 2.4 Dodging
 - Level 1.5 Stealth
 + Level 5.9 Shields
 + Level 11.5 Invocations


You had 9 spell levels left.
You didn't know any spells.
Your spell library contained the following spells:

 Spells                   Type           Power      Damage    Failure   Level
 Sandblast                Erth           0%         2d4       100%        1
 Blink                    Tloc           N/A        N/A       100%        2
 Passwall                 Tmut/Erth      0%         N/A       100%        2
 Lesser Beckoning         Tloc           0%         N/A       100%        3
 Summon Lightning Spire   Summ/Air       0%         N/A       100%        4
 Blade Hands              Tmut           0%         N/A       100%        5
 Irradiate                Conj/Tmut      0%         3d14      100%        5
 Lee's Rapid Deconstruct  Erth           0%         3d5*      100%        5
 Manifold Assault         Tloc           0%         N/A       100%        5
 Dragon Form              Tmut           0%         N/A       100%        7
 Storm Form               Tmut/Air       0%         N/A       100%        7
 Maxwell's Capacitive Co  Air            0%         ∞         100%        8


Dungeon Overview and Level Annotations

Branches:
Dungeon (11/15)            Temple (0/1) D:7            Lair (0/6) D:9
    Orc (0/2) D:9         Ossuary (visited)

Altars:
Gozag

Shops:
D:6 !


Message History

The killer bee completely misses you.
The killer bee stings you but does no damage.
You block the killer bee's attack. The killer bee stings you.
The killer bee barely misses you.
You hear an angry buzzing noise. x2; You hear a bellow!
The killer bee stings you. The killer bee barely misses you.
The killer bee rages.
You block the killer bee's attack. x2; The killer bee closely misses you.
The killer bee stings you but does no damage.
The killer bee stings you! The killer bee barely misses you.
You block the killer bee's attack.
The killer bee stings you but does no damage. x2
The killer bee barely misses you. The killer bee stings you.
The killer bee stings you but does no damage.
You block the killer bee's attack. x2; The killer bee stings you.
There is a stone staircase leading up here.
You block the killer bee's attack.
The killer bee stings you but does no damage. x2
The killer bee stings you.
The killer bee stings you but does no damage.
The killer bee stings you!
* * * LOW HITPOINT WARNING * * *
The killer bee stings you.
* * * LOW HITPOINT WARNING * * *
The killer bee stings you!
* * * LOW HITPOINT WARNING * * *
You climb upwards.
There is a stone staircase leading down here.
You feel better.
The killer bee stings you but does no damage.
You block the killer bee's attack.
The killer bee stings you but does no damage. x2
You block the killer bee's attack.
The killer bee stings you but does no damage.
You feel better.
The killer bee stings you but does no damage. x2
You block the killer bee's attack. The killer bee stings you.
* * * LOW HITPOINT WARNING * * *
The killer bee stings you!
You die...

#
#.#......#.....................
#
##...##...##..####..#######..##
# ###########..# #..# #..# #
#........# #..# #..# #
#..####..####..#######..##
########..#
#...................
..........#
#...........#._.#..)
###.......#
#..........o......## ######..#
#.y@............### #..#
#...y.......>...#
#..####...............####
#.......................o.
#......)..................
#..####..####..####..##### #..#
#..# #..# #..# #..# #..# #..#
#..#
######..####..####..####..#####


You could see 2 killer bees.

Vanquished Creatures
  2 two-headed ogres
  6 centaur zombies
  2 yaks (D:9)
  Menkaure (Ossuary)
  A water moccasin (D:7)
  2 black bears
  2 necrophages
  An orc warrior (D:9)
  An ogre (D:7)
  A phantom (D:4)
  A centaur (D:9)
  2 kobold brigands
  3 bullfrogs
  A gnoll sergeant (D:8)
  2 scorpions
  15 killer bees
  5 wights (D:6)
  3 howler monkeys
  2 hounds
  2 jellies
  A bullfrog zombie (D:7)
  An iguana (D:7)
  5 orc wizards
  3 ogre zombies (Ossuary)
  A hound zombie (D:5)
  A hound skeleton (D:4)
  6 mummies (Ossuary)
  8 gnolls
  5 adders
  A white imp (D:6)
  2 ufetubi
  An adder zombie (Ossuary)
  A dart slug (D:5)
  9 orcs
  3 bats (D:1)
  5 endoplasms
  A giant cockroach (D:1)
  A gnoll zombie (Ossuary)
  5 goblins
  3 hobgoblins
  A quokka (D:4)
  7 ball pythons
  2 frilled lizards
  7 goblin zombies (Ossuary)
  2 hobgoblin zombies (Ossuary)
  11 kobolds
  A kobold zombie (Ossuary)
  2 orc zombies (Ossuary)
  A quokka skeleton (D:4)
  6 quokka zombies (Ossuary)
  2 rats (D:1)
  5 rat zombies (Ossuary)
165 creatures vanquished.

Vanquished Creatures (collateral kills)
  A wraith (D:10)
  An orc warrior (D:9)
  A centaur (D:9)
  4 killer bees
  An orc priest (D:9)
  2 orc wizards
  2 orcs (D:9)
12 creatures vanquished.

Vanquished Creatures (others)
  2 orc warriors (D:10)
  5 orc priests
  An orc wizard (D:9)
  4 orcs
  11 fungi (D:9)
  8 plants (D:9)
31 creatures vanquished.

Grand Total: 208 creatures vanquished

Notes
Turn   | Place    | Note
-------+----------+-------------------------------------------
     0 | D:1      | DenSaoPin the Hill Orc Monk began the quest for the Orb.
     0 | D:1      | Reached XP level 1. HP: 19/19 MP: 1/1
   143 | D:1      | Reached skill level 1 in Armour
   143 | D:1      | Reached XP level 2. HP: 26/27 MP: 2/2
   931 | D:2      | Reached XP level 3. HP: 33/33 MP: 3/3
   937 | D:2      | Reached skill level 5 in Axes
  1177 | D:2      | Became a worshipper of Beogh the Brigand
  1177 | D:2      | Reached * piety under Beogh
  1177 | D:2      | Reached ** piety under Beogh
  1383 | D:2      | Found a faded altar of an unknown god.
  1401 | D:2      | You fall into a shaft and drop 2 floors!
  1469 | D:4      | Noticed a black bear
  1495 | D:4      | Killed a black bear
  1496 | D:4      | Reached skill level 3 in Invocations
  1496 | D:4      | Reached XP level 4. HP: 4/40 MP: 0/6
  1496 | D:4      | Reached XP level 5. HP: 5/46 MP: 0/7
  1955 | D:4      | Noticed a phantom
  1966 | D:4      | Killed a phantom
  1967 | D:4      | Reached skill level 4 in Invocations
  1967 | D:4      | Reached XP level 6. HP: 51/52 MP: 7/9
  2598 | D:5      | Entered Level 5 of the Dungeon
  2624 | D:5      | Noticed a necrophage
  2635 | D:5      | Killed a necrophage
  2636 | D:5      | Reached skill level 1 in Shields
  2636 | D:5      | Reached skill level 5 in Invocations
  2727 | D:5      | Reached skill level 6 in Invocations
  2727 | D:5      | Reached XP level 7. HP: 53/58 MP: 10/12
  2888 | D:5      | Reached skill level 7 in Invocations
  3285 | D:6      | Reached XP level 8. HP: 62/66 MP: 13/13
  3434 | D:6      | Identified the +3 dagger of Yesterday {vamp, Str+4}
  3451 | D:6      | Found Rachox's Distillery.
  3466 | D:6      | Identified the +5 rapier of Muttes {protect, rF+ rN+ Int-4
                  | Dex+2}
  3739 | D:6      | Reached skill level 1 in Short Blades
  3762 | D:6      | Reached *** piety under Beogh
  3806 | D:6      | Reached skill level 8 in Invocations
  4591 | D:7      | Reached skill level 9 in Invocations
  4898 | D:7      | Reached XP level 9. HP: 65/71 MP: 16/16
  5165 | D:7      | Reached skill level 5 in Short Blades
  5165 | D:7      | Reached skill level 10 in Invocations
  5218 | D:7      | Found a staircase to the Ecumenical Temple.
  5252 | D:7      | Reached skill level 5 in Armour
  5449 | D:8      | Found a sand-covered staircase.
  5753 | D:8      | Reached **** piety under Beogh
  6030 | Ossuary  | Entered an ossuary
  6081 | Ossuary  | Noticed Menkaure
  6092 | Ossuary  | Killed Menkaure
  7259 | D:9      | Noticed a two-headed ogre
  7275 | D:8      | HP: 2/71 [two-headed ogre (5)]
  7278 | D:8      | Killed a two-headed ogre
  7612 | D:9      | Reached XP level 10. HP: 78/78 MP: 18/18
  7635 | D:9      | Reached skill level 5 in Shields
  7639 | D:9      | Reached skill level 11 in Invocations
  7889 | D:9      | Found an opulent altar of Gozag.
  7898 | D:9      | Noticed a two-headed ogre
  7905 | D:9      | Killed a two-headed ogre
  8433 | D:9      | Found a staircase to the Lair.
  8451 | D:10     | Entered Level 10 of the Dungeon
  8519 | D:11     | HP: 3/78 [killer bee (5)]
  8821 | D:11     | Noticed a purple ugly thing
  8856 | D:9      | Reached ***** piety under Beogh
  9254 | D:9      | Found a staircase to the Orcish Mines.
  9385 | D:10     | HP: 3/78 [killer bee (7)]
  9388 | D:9      | Slain by a killer bee

Illustrated notes

Levels and vault maps discovered:
D:1:      saegor_arrival_simple_d, layout_basic, chequers_serial_rivers_small_b,
          minmay_crystal_water
D:2:      minmay_recursive_quarters, layout_loops_ring,
          hellmonk_ecumenical_altar_zigzags, minmay_pentomino_s2
D:4:      layout_gridville, minmay_distorted
D:5:      layout_basic
D:6:      layout_gridville, serial_shops, nicolae_lakefront_shop
D:7:      layout_basic, minmay_temple_entry_crystal_x, serial_aquarium,
          aquarium_bridge_square [aquarium_subvault_bridge,
          aquarium_subvault_wall, aquarium_subvault_bridge,
          aquarium_subvault_wall], aquarium_window_fake, aquarium_window_double,
          aquarium_view_2a, aquarium_view_2d
D:8:      layout_basic, lightli_ossuary_entry_decrepit_ruins
D:9:      layout_small_grid, mainiacjoe_overflow_tiny_flanked,
          grunt_lair_entry_orc_guard_hut, orc_0_dummy,
          hangedman_decor_slide_cut, corner_web_ring
D:10:     layout_cave_pools, serial_shops, shop, special_room
          [special_room_bee], serial_column_ruins, column_ruins_hut,
          column_ruins_columns_straight, column_ruins_grid_1,
          column_ruins_open_tiny, column_ruins_grid_1, column_ruins_grid_1,
          column_ruins_columns_dead_end, minmay_radiant
D:11:     layout_cave_pools, uniq_maurice

Skill      XL: |  1  2  3  4  5  6  7  8  9 10 |
---------------+-------------------------------+-----
Armour         | 1 2 3 4 6 7 |  7.0
Axes           | 5 6 |  6.1
Invocations    | 3 4 6 7 9 10 11 | 11.5
Shields        | 2 3 4 5 |  5.9
Short Blades   | 4 7 8 |  8.4
Fighting       | |  3.6
Dodging        | |  2.4
Stealth        | |  1.5

Action                   |  1- 3 |  4- 6 |  7- 9 | 10-12 || total
-------------------------+-------+-------+-------+-------++-------
Melee: Hand axe          |    72 |    82 |    20 |       ||   174
       Bardiche          |     7 |       |       |       ||     7
       Rapier            |       |       |   290 |   113 ||   403
Invok: Smiting           |     1 |       |     2 |       ||     3
       Convert to Beogh  |     1 |       |       |       ||     1
  Use: Potion            |       |       |       |     6 ||     6
 Stab: Sleeping          |     5 |     2 |     3 |       ||    10
       Invisible         |       |       |       |     2 ||     2
Armor: Robe              |     7 |       |       |       ||     7
       Leather armour    |    21 |    47 |    39 |       ||   107
       Chain mail        |       |       |   155 |    12 ||   167
       Plate armour      |       |       |       |   141 ||   141
Dodge: Dodged            |    64 |    47 |   150 |    86 ||   347
Block: Buckler           |       |     8 |    90 |    64 ||   162
